 Dungeon Crawl Stone Soup version 0.31.0-32-g396128a36d (webtiles) character file.

Game seed: 15846395462735337794

130 monsoonserge the Ducker (level 5, -5/36 HPs)
             Began as an Octopode Fighter on Mar 12, 2024.
             Was an Initiate of Gozag.
             Slain by a scorpion (8 damage)
             ... on level 4 of the Dungeon.
             The game lasted 00:04:42 (1810 turns).

monsoonserge the Ducker (Octopode Fighter)          Turns: 1810, Time: 00:04:43

Health: -5/36      AC:  1    Str: 20    XL:     5   Next: 14%
Magic:  5/5        EV: 13    Int:  9    God:    Gozag
Gold:   101        SH:  4    Dex: 11    Spells: 4/4 levels left

rFire   + . .        o - +5 mace of Peace {heavy, rF+ Str+3 Int-2 Stlth+}
rCold   . . .        a - +0 buckler
rNeg    . . .        (helmet restricted)
rPois   .            (no amulet)
rElec   .            (no ring)
rCorr   .            (no ring)
SInv    .            (no ring)
Will    .....        (no ring)
Stlth   ++++         (no ring)
HPRegen 0.26/turn    (no ring)
MPRegen 0.09/turn    (no ring)
                     (no ring)

%: no passive effects
@: lethally poisoned (-5 -> -12)
A: almost no armour, amphibious, 8 rings, camouflage 1, gelatinous body 1,
(nimble swimmer 1), tentacles
a: Renounce Religion, Potion Petition, Call Merchant, Bribe Branch


You were on level 4 of the Dungeon.
You worshipped Gozag.
Gozag was aware of your devotion.
You visited 2 branches of the dungeon, and saw 5 of its levels.

You collected 155 gold pieces.
You paid 54 gold pieces to Gozag.

Inventory:

Hand Weapons
 o - the +5 mace of Peace (weapon) {heavy, rF+ Str+3 Int-2 Stlth+}
   (You found it on level 2 of the Dungeon)

   Str+3:     It affects your strength (+3).
   Int-2:     It affects your intelligence (-2).
   rF+:       It protects you from fire.
   Stlth+:    It makes you more stealthy.
Missiles
 n - 5 curare-tipped darts
 s - 8 boomerangs (quivered)
Armour
 a - a +0 buckler (worn)
Wands
 q - a wand of acid (6)
Scrolls
 f - 3 scrolls of identify {unknown}
 g - 5 scrolls of teleportation {unknown}
 l - a scroll of immolation {unknown}
 r - 2 scrolls of fog {unknown}
 u - a scroll of poison {unknown}
Potions
 b - a potion of might
 c - a potion of mutation {unknown}
 d - a potion of brilliance {unknown}
 e - a potion of lignification {unknown}
 h - 2 potions of berserk rage {unknown}
 i - a potion of haste {unknown}
 j - a potion of magic {unknown}
 k - 3 potions of curing {unknown}
 m - a potion of degeneration {unknown}
 p - 2 potions of invisibility {unknown}
 t - a potion of heal wounds {unknown}


   Skills:
 + Level 3.4 Fighting
 + Level 0.6 Maces & Flails
 + Level 3.6 Dodging
 + Level 1.8 Stealth
 + Level 3.4 Shields
 * Level 3.5 Unarmed Combat


You had 4 spell levels left.
You didn't know any spells.
Your spell library contained the following spells:

 Spells                   Type           Power      Damage    Failure   Level
 Magic Dart               Conj           0%         1d3       45%         1
 Searing Ray              Conj           0%         2d4       58%         2
 Fulminant Prism          Conj/Alch      0%         3d5       99%         4


Dungeon Overview and Level Annotations

Branches:
Dungeon (4/15)             Temple (1/1) D:4

Altars:
Cheibriados
Dithmenos
Elyvilon
Fedhas
Gozag
Makhleb
Nemelex Xobeh
Okawaru
Qazlal
Sif Muna
Wu Jian
Yredelemnul
The Shining One

Shops:
D:1 (

Annotations:
D:4 2 transporters, firemarshallily's ghost, amateur OpCj


Innate Abilities, Weirdness & Mutations

You cannot wear most types of armour.
You are amphibious.
You can wear up to eight rings at the same time.
Your skin changes colour to match your surroundings (Stealth+).
Your rubbery body absorbs attacks. (AC +1, EV +1)
((You are camouflaged when in or above water. (Stealth+)))
You have tentacles for arms and can constrict up to eight enemies at once.


Message History

Found 11 gold pieces.
Found a stone staircase leading down.
An adder comes into view.
A goblin comes into view. It is wielding a +0 dagger.
Found 3 gold pieces.
Found a shadowy altar of Dithmenos.
The helpless ball python fails to defend itself.
You sock the ball python!
You kill the ball python!
You see here 8 gold pieces.
You now have 101 gold pieces (gained 8).
The goblin shouts!
The adder hisses angrily.
You hit the adder. You grab the adder. You squeeze the adder.
The adder is moderately wounded.
You constrict the adder. You block the adder's attack.
The adder barely misses you.
A scorpion comes into view.
The adder bites you.
You hit the adder.
You kill the adder!
The goblin is distracted by your dazzling golden aura.
You barely miss the scorpion. Your grab misses the scorpion.
Your squeeze misses the scorpion.
The goblin is no longer distracted by gold.
The scorpion stings you.
You are poisoned.
The scorpion poisons you! The scorpion stings you. x2
You are more poisoned.
The scorpion poisons you!
You hit the scorpion. Your grab misses the scorpion.
The scorpion is lightly wounded.
You feel extremely sick. The scorpion stings you. x2
* * * LOW HITPOINT WARNING * * *
You sock the scorpion! Your grab misses the scorpion.
The scorpion is almost dead.
* * * LOW HITPOINT WARNING * * *
You feel very sick. The scorpion stings you!
You die...
Your body crumbles into a pile of gold.

....# ##..##.≈≈.≈≈≈≈
###.#######..###.≈.§.§§.
#..............≈.§§≈≈§
#########.###..≈..§§§§
#........≈.≈._§§
#.#....#.≈$§g..≈
#.#....#$≈$≈≈≈≈≈ .
#......≈...... .#
#....#@≈≈≈≈≈≈≈
S........#.s...... ##
##..>######.#.## ###..
...# ## #... ... ..


You could see a scorpion and a goblin.

Vanquished Creatures
  An orc priest (D:3)
  3 adders
  2 dart slugs (D:4)
  2 ribbon worms (D:2)
  3 orcs
  2 bats
  7 endoplasms
  A giant cockroach (D:1)
  6 goblins
  8 hobgoblins
  11 kobolds
  4 quokkas
  6 ball pythons
  2 frilled lizards (D:1)
  4 rats
62 creatures vanquished.

Notes
Turn   | Place    | Note
-------+----------+-------------------------------------------
     0 | D:1      | monsoonserge the Octopode Fighter began the quest for the
                  | Orb.
     0 | D:1      | Reached XP level 1. HP: 16/16 MP: 1/1
    50 | D:1      | Reached XP level 2. HP: 19/21 MP: 2/2
   276 | D:1      | Found a faded altar of an unknown god.
   348 | D:1      | Found Natysuphot's Weapon Emporium.
   359 | D:1      | Reached XP level 3. HP: 26/26 MP: 3/3
   949 | D:2      | Reached XP level 4. HP: 31/31 MP: 4/4
  1001 | D:2      | Identified the +5 mace of Peace {heavy, rF+ Str+3 Int-2
                  | Stlth+}
  1542 | D:3      | Reached skill level 1 in Stealth
  1663 | D:4      | Reached XP level 5. HP: 36/36 MP: 5/5
  1664 | D:4      | Found a staircase to the Ecumenical Temple.
  1682 | Temple   | Entered the Ecumenical Temple
  1695 | Temple   | Became a worshipper of Gozag Ym Sagoz the Greedy
  1724 | D:4      | Found a transporter.
  1730 | D:4      | Found a transporter.
  1734 | D:4      | Noticed firemarshallily's ghost (amateur OpCj)
  1799 | D:4      | Found a shadowy altar of Dithmenos.
  1810 | D:4      | Slain by a scorpion

Illustrated notes

Levels and vault maps discovered:
D:1:      spicycebolla_arrival_clurvy, layout_basic, serial_shops, shop,
          hellmonk_ecumenical_altar_lost_god, minmay_cupped
D:2:      layout_basic
D:3:      layout_rooms
D:4:      layout_rooms, mainiacjoe_overflow_concentric_impassable,
          eat_drink_and_be_merry_uskayaw, minmay_temple_entry_junction_2,
          gammafunk_ghost_stat_death
Temple:   nicolae_temple_hex_pool

Skill      XL: |  1  2  3  4 |
---------------+-------------+-----
Unarmed Combat | 3 |  3.5
Stealth        | 1 |  1.8
Fighting       | |  3.4
Maces & Flails | |  0.6
Dodging        | |  3.6
Shields        | |  3.4

Action                     |  1- 3 |  4- 6 || total
---------------------------+-------+-------++-------
  Melee: Unarmed           |    85 |       ||    85
         Constrict         |    25 |     5 ||    30
         Tentacles         |    18 |     4 ||    22
         Punch             |     2 |       ||     2
         Mace              |       |    33 ||    33
   Stab: Sleeping          |     1 |     7 ||     8
 Armour: Skin              |    22 |    16 ||    38
  Dodge: Dodged            |    38 |    27 ||    65
  Block: Buckler           |     7 |     9 ||    16
